[Event "11th Arad Open 2018"]
[Site "Arad"]
[Date "2018.08.07"]
[Round "4"]
[White "Gheorghiu, Calin"]
[Black "Soltanici, Ruslan"]
[Result "1-0"]
[ECO "E20"]
[WhiteElo "2292"]
[BlackElo "2383"]
[Annotator "NA"]
[PlyCount "95"]
[EventDate "2018.08.05"]
[EventType "swiss"]
[EventCountry "ROU"]
[SourceTitle "playchess.com"]
[Source "ChessBase"]
[SourceQuality "1"]
[TimeControl "40/5400+30:1800+30"]

1. d4 Nf6 2. c4 e6 3. Nc3 Bb4 4. f3 d5 5. a3 Be7 6. e4 dxe4 7. fxe4 c5 8. d5 exd5 9. cxd5 Bd6 10. Bb5+ Nbd7 11. Bg5 O-O 12. Bxd7 Qxd7 13. Bxf6 gxf6 14. Nf3 Qg4 15. Qc2 Bd7 16. O-O Rae8 17. Rae1 Qg6 18. a4 a6 19. Kh1 b5 20. axb5 axb5 21. Nh4 Qh6 22. g3 Kh8 23. Qf2 b4 24. Nd1 Be5 25. Qxc5 Rg8 26. Qf2 Bh3 27. Rg1 Rc8 28. Ne3 b3 29. Re2 Bd4 30. Qf3 Qg5 31. Rge1 Qe5 32. Nhf5 Bxb2 33. d6 Bxf5 34. Nxf5 Bc3 35. d7 Rb8 36. Rb1 b2 37. Rc2 Ba5 38. Qf4 Qxf4 39. gxf4 Rbd8 40. Rc5 Bd2 41. Rd5 Bc1 42. Ne7 f5 43. e5 h5 44. Nc6 Kg7 45. Kg2 Kg6 46. Kf3 Ra8 47. Ne7+ Kh7 48. Nxg8 1-0

[Event "11th Arad Open 2018"]
[Site "Arad"]
[Date "2018.08.07"]
[Round "4"]
[White "Pisu, Robert-Daniel"]
[Black "Leszko, Bence"]
[Result "1/2-1/2"]
[ECO "A00"]
[WhiteElo "2282"]
[BlackElo "2011"]
[Annotator "NA"]
[PlyCount "71"]
[EventDate "2018.08.05"]
[EventType "swiss"]
[EventCountry "ROU"]
[SourceTitle "playchess.com"]
[Source "ChessBase"]
[SourceQuality "1"]
[TimeControl "40/5400+30:1800+30"]

1. g3 e6 2. Bg2 d5 3. c4 f5 4. Nf3 Nf6 5. b3 c6 6. O-O Bd6 7. Bb2 O-O 8. Qc2 Qe7 9. Be5 Nbd7 10. Bxd6 Qxd6 11. cxd5 Nxd5 12. d4 e5 13. dxe5 Nxe5 14. Nbd2 Nxf3+ 15. Nxf3 Nf6 16. Rfd1 Qe7 17. e3 Be6 18. Nd4 g6 19. Nxe6 Qxe6 20. Rd4 Rad8 21. Rad1 Rxd4 22. Rxd4 Qe7 23. Qd2 Qc7 24. Rd6 Rf7 25. Qd4 c5 26. Qe5 b6 27. Bf1 Kg7 28. Bc4 Qe7 29. Re6 Qc7 30. Rd6 Qe7 31. Be6 Qe8 32. Qc3 Qe7 33. Qe5 Qe8 34. Qc3 Qe7 35. Rc6 Qe8 36. Rd6 1/2-1/2

[Event "11th Arad Open 2018"]
[Site "Arad"]
[Date "2018.08.07"]
[Round "4"]
[White "Cvetkovic, Srdjan"]
[Black "Peptan, Corina-Isabela"]
[Result "1/2-1/2"]
[ECO "A21"]
[WhiteElo "2252"]
[BlackElo "2380"]
[Annotator "NA"]
[PlyCount "105"]
[EventDate "2018.08.05"]
[EventType "swiss"]
[EventCountry "ROU"]
[SourceTitle "playchess.com"]
[Source "ChessBase"]
[SourceQuality "1"]
[TimeControl "40/5400+30:1800+30"]

1. c4 e5 2. Nc3 Bb4 3. Qc2 Nf6 4. a3 Bxc3 5. Qxc3 d6 6. g3 Be6 7. Bg2 c6 8. Nf3 h6 9. O-O O-O 10. b4 Nbd7 11. Bb2 Nb6 12. d3 Na4 13. Qc2 Nxb2 14. Qxb2 Qd7 15. c5 e4 16. dxe4 Nxe4 17. cxd6 Nxd6 18. Nd4 Bh3 19. Rfd1 Bxg2 20. Kxg2 Qe7 21. Qd2 Rad8 22. Qf4 Rfe8 23. e3 Rd7 24. Nf5 Nxf5 25. Qxf5 Red8 26. Rxd7 Rxd7 27. Rc1 Rd5 28. Qc8+ Kh7 29. Rc4 a5 30. bxa5 Rxa5 31. Rb4 Rxa3 32. Qxb7 Qxb7 33. Rxb7 Kg6 34. Rc7 Rc3 35. f4 Kf6 36. Kf3 h5 37. h3 Ke6 38. g4 hxg4+ 39. hxg4 g6 40. f5+ Kf6 41. fxg6 Kxg6 42. Kf4 Rc4+ 43. e4 Kf6 44. g5+ Ke6 45. Ke3 Rc5 46. Kd2 Rxg5 47. Rxc6+ Ke5 48. Rc5+ Kf4 49. Rxg5 Kxg5 50. Ke3 Kg4 51. Kd4 f6 52. e5 fxe5+ 53. Kxe5 1/2-1/2

[Event "11th Arad Open 2018"]
[Site "Arad"]
[Date "2018.08.07"]
[Round "4"]
[White "Vujacic, Borivoje"]
[Black "Ambru, Dan-Calin"]
[Result "1-0"]
[ECO "B33"]
[WhiteElo "2235"]
[BlackElo "1977"]
[Annotator "NA"]
[PlyCount "79"]
[EventDate "2018.08.05"]
[EventType "swiss"]
[EventCountry "ROU"]
[SourceTitle "playchess.com"]
[Source "ChessBase"]
[SourceQuality "1"]
[TimeControl "40/5400+30:1800+30"]

1. e4 c5 2. Nf3 Nc6 3. d4 cxd4 4. Nxd4 Nf6 5. Nc3 e5 6. Ndb5 d6 7. Bg5 a6 8. Na3 b5 9. Nd5 Be7 10. Bxf6 Bxf6 11. c3 Ne7 12. g3 Bb7 13. Nc2 Nxd5 14. exd5 Bg5 15. a4 O-O 16. axb5 axb5 17. Rxa8 Qxa8 18. Nb4 Rb8 19. Bg2 Bd8 20. O-O f5 21. Qd3 Bb6 22. Qxf5 Bc5 23. Be4 g6 24. Qe6+ Kg7 25. Qe7+ Kg8 26. Nc6 Rf8 27. b4 Rf7 28. Qd8+ Qxd8 29. Nxd8 Bb6 30. Nxf7 Kxf7 31. Ra1 Kf6 32. Bd3 Bxd5 33. Ra6 Bc7 34. Bxb5 Ke6 35. Ra7 Bb6 36. Rxh7 Bf3 37. Kf1 Kf6 38. Bc4 d5 39. Be2 Be4 40. Rd7 1-0

[Event "11th Arad Open 2018"]
[Site "Arad"]
[Date "2018.08.07"]
[Round "4"]
[White "Geiger, Alex-Emanuel"]
[Black "Anghel, Iulian-Mihai"]
[Result "1-0"]
[ECO "B04"]
[WhiteElo "2229"]
[BlackElo "1967"]
[Annotator "NA"]
[PlyCount "81"]
[EventDate "2018.08.05"]
[EventType "swiss"]
[EventCountry "ROU"]
[SourceTitle "playchess.com"]
[Source "ChessBase"]
[SourceQuality "1"]
[TimeControl "40/5400+30:1800+30"]

1. e4 Nf6 2. e5 Nd5 3. d4 d6 4. Nf3 dxe5 5. Nxe5 c6 6. Bc4 Nd7 7. Nf3 N7b6 8. Bb3 Bg4 9. h3 Bxf3 10. Qxf3 e6 11. O-O Be7 12. c4 Nf6 13. Be3 O-O 14. Nc3 Rc8 15. Rfd1 Nfd7 16. d5 exd5 17. cxd5 Qe8 18. Re1 Qd8 19. Rad1 c5 20. d6 Bg5 21. Qxb7 c4 22. Bc2 Bxe3 23. Rxe3 Nc5 24. Qf3 Qg5 25. Nd5 Kh8 26. Nxb6 axb6 27. d7 Rcd8 28. Rd5 Qf6 29. Qxf6 gxf6 30. Rh5 Nd3 31. Bxd3 cxd3 32. Rxd3 Kg7 33. Rb5 Rb8 34. a4 Rfd8 35. a5 Kf8 36. Rxb6 Ra8 37. b4 Ke7 38. a6 Ra7 39. b5 Rdxd7 40. Rxd7+ Kxd7 41. Rxf6 1-0

[Event "11th Arad Open 2018"]
[Site "Arad"]
[Date "2018.08.07"]
[Round "4"]
[White "Martian, Dragos-Daniel"]
[Black "Plugaru, Rares"]
[Result "1-0"]
[ECO "B22"]
[WhiteElo "2223"]
[BlackElo "1948"]
[Annotator "NA"]
[PlyCount "67"]
[EventDate "2018.08.05"]
[EventType "swiss"]
[EventCountry "ROU"]
[SourceTitle "playchess.com"]
[Source "ChessBase"]
[SourceQuality "1"]
[TimeControl "40/5400+30:1800+30"]

1. e4 c5 2. c3 Nf6 3. e5 Nd5 4. d4 cxd4 5. Nf3 Nc6 6. cxd4 d6 7. Bc4 Nb6 8. Bb3 dxe5 9. d5 Nd4 10. Nxd4 exd4 11. Qxd4 e6 12. O-O Nxd5 13. Rd1 Qb6 14. Ba4+ Bd7 15. Bxd7+ Kxd7 16. Qg4 Ke8 17. Nc3 Nxc3 18. bxc3 Qc6 19. Be3 f5 20. Qg5 Kf7 21. Bd4 h6 22. Qe3 Bd6 23. Bxa7 Rhc8 24. Rab1 b5 25. a4 Bxh2+ 26. Kh1 Qa6 27. Rd7+ Kg8 28. Kxh2 Qc6 29. Rbd1 Rc7 30. axb5 Qb7 31. Qxe6+ Kh8 32. Rd8+ Kh7 33. Qxf5+ g6 34. R1d7+ 1-0

[Event "11th Arad Open 2018"]
[Site "Arad"]
[Date "2018.08.07"]
[Round "4"]
[White "Weinzettl, Ernst"]
[Black "Vilcu, Matei-Stefan"]
[Result "1-0"]
[ECO "A00"]
[WhiteElo "2215"]
[BlackElo "1925"]
[Annotator "NA"]
[PlyCount "121"]
[EventDate "2018.08.05"]
[EventType "swiss"]
[EventCountry "ROU"]
[SourceTitle "playchess.com"]
[Source "ChessBase"]
[SourceQuality "1"]
[TimeControl "40/5400+30:1800+30"]

1. d3 g6 2. g3 Bg7 3. Bg2 d6 4. c3 Nd7 5. e4 e5 6. Ne2 Ngf6 7. Na3 O-O 8. Nc4 Qe7 9. b4 c6 10. a4 d5 11. Ne3 dxe4 12. dxe4 Rd8 13. Qc2 a5 14. Ba3 axb4 15. cxb4 Qe8 16. O-O Nf8 17. Bb2 Nh5 18. Nc4 f6 19. Nb6 Rb8 20. Nxc8 Rbxc8 21. Bh3 Ra8 22. Bc1 Kh8 23. Qc4 b5 24. Qb3 bxa4 25. Qc4 Rd6 26. Be3 a3 27. Qb3 Ne6 28. Rxa3 Rxa3 29. Qxa3 Bf8 30. Qa7 Rd8 31. Rc1 Nd4 32. Nxd4 exd4 33. Bxd4 Qxe4 34. Bc3 Bg7 35. Qc7 Qd3 36. Bf1 Qd6 37. Qxd6 Rxd6 38. Ra1 Bf8 39. Ra8 Kg7 40. Rc8 Kf7 41. Kg2 Ng7 42. b5 cxb5 43. Bb4 Ne8 44. Bxb5 Re6 45. Bc4 Bxb4 46. Bxe6+ Kxe6 47. Rxe8+ Kf7 48. Rb8 Be7 49. Kf3 h5 50. Ke4 Ke6 51. Rb6+ Bd6 52. Ra6 f5+ 53. Kd4 g5 54. h3 h4 55. gxh4 gxh4 56. f3 Ke7 57. Kd5 Bg3 58. Ra4 Kf6 59. f4 Bf2 60. Ra6+ Kf7 61. Ke5 1-0

[Event "11th Arad Open 2018"]
[Site "Arad"]
[Date "2018.08.07"]
[Round "4"]
[White "Ghimpu, Samuel-Timotei"]
[Black "Farkas, Gabor"]
[Result "0-1"]
[ECO "A07"]
[WhiteElo "2184"]
[BlackElo "2366"]
[Annotator "NA"]
[PlyCount "52"]
[EventDate "2018.08.05"]
[EventType "swiss"]
[EventCountry "ROU"]
[SourceTitle "playchess.com"]
[Source "ChessBase"]
[SourceQuality "1"]
[TimeControl "40/5400+30:1800+30"]

1. Nf3 Nf6 2. g3 d5 3. Bg2 c6 4. O-O Bg4 5. d4 e6 6. c4 Nbd7 7. b3 Be7 8. Bb2 O-O 9. Nbd2 h6 10. Re1 Bf5 11. e3 Re8 12. Rc1 a5 13. Ne5 Bb4 14. Nxd7 Qxd7 15. a3 Bxd2 16. Qxd2 a4 17. f3 axb3 18. e4 Bg6 19. Qb4 Reb8 20. Qxb3 b5 21. cxd5 exd5 22. Rc5 Ra4 23. exd5 Nxd5 24. f4 Re8 25. Re5 Rxe5 26. dxe5 Qa7 0-1

[Event "11th Arad Open 2018"]
[Site "Arad"]
[Date "2018.08.07"]
[Round "4"]
[White "Baciu, Anca-Otilia"]
[Black "Vajda, Levente"]
[Result "0-1"]
[ECO "C54"]
[WhiteElo "2096"]
[BlackElo "2558"]
[Annotator "ChessBase"]
[PlyCount "86"]
[EventDate "2018.08.05"]
[EventType "swiss"]
[EventCountry "ROU"]
[SourceTitle "playchess.com"]
[Source "ChessBase"]
[SourceQuality "1"]
[TimeControl "40/5400+30:1800+30"]

1. e4 e5 2. Nf3 Nc6 3. Bc4 Bc5 4. c3 Nf6 5. d3 O-O 6. O-O d5 7. exd5 Nxd5 8. b4 Be7 9. b5 Na5 10. Nxe5 Bf6 11. Qh5 Nxc4 12. dxc4 Nb6 13. c5 g6 14. Qe2 Re8 15. f4 Nd7 16. Qf2 Qe7 17. Ng4 Bg7 18. f5 Qxc5 19. Be3 Qxf5 20. Qg3 Qd3 21. Qf2 f5 22. Nh6+ Bxh6 23. Bxh6 Nf6 24. Qc5 Bd7 25. Na3 Qd5 26. Qxd5+ Nxd5 27. Rfd1 Be6 28. Rac1 Rad8 29. Nc4 Nf6 30. Na5 Rxd1+ 31. Rxd1 b6 32. Nc6 Bxa2 33. Nxa7 Bb3 34. Rd4 Re1+ 35. Kf2 Ra1 36. Rd8+ Kf7 37. Rf8+ Ke6 38. Nc6 Ng4+ 39. Kg3 Nxh6 40. Nd4+ Ke7 41. Nxb3 Ra3 42. Rc8 Rxb3 43. Rxc7+ Kf6 0-1

[Event "11th Arad Open 2018"]
[Site "Arad"]
[Date "2018.08.07"]
[Round "4"]
[White "Miloi, Pavel-Dan"]
[Black "Dobre, Claudiu-Cristian"]
[Result "1/2-1/2"]
[ECO "D47"]
[WhiteElo "2047"]
[BlackElo "2356"]
[Annotator "NA"]
[PlyCount "156"]
[EventDate "2018.08.05"]
[EventType "swiss"]
[EventCountry "ROU"]
[SourceTitle "playchess.com"]
[Source "ChessBase"]
[SourceQuality "1"]
[TimeControl "40/5400+30:1800+30"]

1. d4 Nf6 2. Nf3 e6 3. c4 d5 4. Nc3 c6 5. e3 Nbd7 6. Bd3 dxc4 7. Bxc4 b5 8. Be2 a6 9. O-O c5 10. dxc5 Bxc5 11. a3 Bb7 12. b4 Be7 13. Bb2 O-O 14. Rc1 Rc8 15. Qb3 Bd6 16. Rfd1 Qe7 17. Nd2 e5 18. e4 Nb6 19. f3 Nh5 20. g3 Qg5 21. Nf1 Rfd8 22. Kh1 Be7 23. Rxd8+ Rxd8 24. Rd1 g6 25. Bc1 Qf6 26. Ne3 Rxd1+ 27. Bxd1 Qd6 28. Be2 Ng7 29. Ng4 Ne6 30. Be3 Nd7 31. Qd1 Nd4 32. Kg2 h5 33. Nf2 Nb6 34. Nd3 Nc4 35. Bc1 Nxe2 36. Qxe2 Qd4 37. Nd1 Bd8 38. Nc5 Bc8 39. Qd3 Qxd3 40. Nxd3 Bb6 41. h4 Bd4 42. Kf1 f6 43. Ke2 Kf7 44. Ne3 Bxe3 45. Bxe3 Nxa3 46. Nc5 Ke7 47. Kd3 Nc4 48. Nb3 Bh3 49. Bc5+ Kd8 50. Nd2 Nb2+ 51. Kc2 Na4 52. Be3 Bg2 53. Kd3 Kc7 54. Ke2 Nc3+ 55. Kd3 Nd1 56. Ke2 Nxe3 57. Kxe3 a5 58. Kf2 Bh3 59. g4 f5 60. exf5 gxf5 61. g5 f4 62. bxa5 Bf5 63. Ke2 Kb7 64. Nb3 Ka6 65. Kd2 b4 66. Kc1 Kb5 67. Kd2 Bg6 68. Kc1 Bf7 69. Kb2 Bxb3 70. Kxb3 e4 71. g6 e3 72. g7 e2 73. g8=Q e1=Q 74. Qd5+ Ka6 75. Qa8+ Kb5 76. Qd5+ Ka6 77. Qa8+ Kb5 78. Qc6+ Kxa5 1/2-1/2

[Event "11th Arad Open 2018"]
[Site "Arad"]
[Date "2018.08.07"]
[Round "4"]
[White "Kersten, Julian"]
[Black "Banzea, Alexandru-Bogdan"]
[Result "0-1"]
[ECO "A45"]
[WhiteElo "2034"]
[BlackElo "2313"]
[Annotator "NA"]
[PlyCount "36"]
[EventDate "2018.08.05"]
[EventType "swiss"]
[EventCountry "ROU"]
[SourceTitle "playchess.com"]
[Source "ChessBase"]
[SourceQuality "1"]
[TimeControl "40/5400+30:1800+30"]

1. d4 Nf6 2. Bg5 d5 3. e3 c5 4. Nd2 Nc6 5. c3 cxd4 6. exd4 Bf5 7. Ngf3 e6 8. Nh4 Bg6 9. Nxg6 hxg6 10. Bd3 Bd6 11. h3 a6 12. Qe2 Rh5 13. h4 Qc7 14. g4 Rh8 15. Qf3 O-O-O 16. Bxf6 gxf6 17. Qxf6 e5 18. dxe5 Nxe5 0-1

[Event "11th Arad Open 2018"]
[Site "Arad"]
[Date "2018.08.07"]
[Round "4"]
[White "Stepanencu, Nicodim-Cosmin"]
[Black "Vrencian, Lehel"]
[Result "0-1"]
[ECO "B40"]
[WhiteElo "2022"]
[BlackElo "2293"]
[Annotator "NA"]
[PlyCount "72"]
[EventDate "2018.08.05"]
[EventType "swiss"]
[EventCountry "ROU"]
[SourceTitle "playchess.com"]
[Source "ChessBase"]
[SourceQuality "1"]
[TimeControl "40/5400+30:1800+30"]

1. e4 c5 2. Nf3 e6 3. b3 a6 4. c4 d6 5. d4 cxd4 6. Nxd4 Nf6 7. Nc3 b6 8. Be2 Bb7 9. f3 Nbd7 10. Be3 Be7 11. O-O O-O 12. Qd2 Qc7 13. Rac1 Rac8 14. Rfd1 Rfe8 15. Qe1 Qb8 16. Nc2 Bd8 17. Na4 Bc7 18. Qh4 d5 19. exd5 exd5 20. Bd3 dxc4 21. bxc4 Ne5 22. Bg5 Ng6 23. Bxg6 hxg6 24. Bxf6 gxf6 25. Rb1 Kg7 26. h3 b5 27. Nc3 Bh2+ 28. Kh1 Rxc4 29. Qf2 Rxc3 30. Rd4 Bg3 31. Qd2 Rec8 32. Nb4 Qc7 33. Nd3 Rc2 34. Qd1 Rxa2 35. Nb4 Rf2 36. Rd7 Rf1+ 0-1

[Event "11th Arad Open 2018"]
[Site "Arad"]
[Date "2018.08.07"]
[Round "4"]
[White "Olariu, Luca-Stefan"]
[Black "Velickovic, Sasa"]
[Result "1/2-1/2"]
[ECO "E91"]
[WhiteElo "2019"]
[BlackElo "2290"]
[Annotator "NA"]
[PlyCount "163"]
[EventDate "2018.08.05"]
[EventType "swiss"]
[EventCountry "ROU"]
[SourceTitle "playchess.com"]
[Source "ChessBase"]
[SourceQuality "1"]
[TimeControl "40/5400+30:1800+30"]

1. d4 Nf6 2. c4 g6 3. Nc3 Bg7 4. e4 d6 5. Nf3 O-O 6. Be2 Bg4 7. Be3 Nfd7 8. Ng1 Bxe2 9. Ngxe2 e5 10. O-O Nc6 11. d5 Ne7 12. f3 f5 13. g4 Nf6 14. h3 Qd7 15. Kg2 Rf7 16. Bf2 Raf8 17. Qd3 Bh6 18. c5 a6 19. cxd6 cxd6 20. Bh4 Ne8 21. b4 Nc7 22. a4 Nc8 23. b5 a5 24. Bf2 Bg5 25. Be3 Qd8 26. Qd2 Bxe3 27. Qxe3 Ne8 28. Rac1 Ng7 29. Nb1 h5 30. Nd2 Qh4 31. exf5 gxf5 32. Rc4 Ne7 33. Qh6 Rf6 34. Qe3 Rg6 35. Nc3 hxg4 36. fxg4 Nh5 37. Qf3 Rff6 38. Kh2 e4 39. gxh5 Rh6 40. Qf4 Qxh5 41. Rg1+ Kf7 42. Rg3 Ng6 43. Qg5 Qxg5 44. Rxg5 Ne5 45. Rc7+ Kf8 46. Rc8+ Kf7 47. Rcg8 Rh7 48. Rb8 Nd7 49. Rxb7 Ke7 50. Ne2 Rfh6 51. Nf4 Kf6 52. Rh5 Rxh5 53. Nxh5+ Ke5 54. Ng3 e3 55. Nc4+ Kd4 56. Nxf5+ Kxc4 57. Nxe3+ Kd4 58. Ng4 Kc5 59. Rc7+ Kb6 60. Rc6+ Kb7 61. Rxd6 Nb6 62. Ne5 Rh4 63. Nd3 Nxa4 64. Rc6 Rd4 65. Nc5+ Nxc5 66. Rxc5 Kb6 67. Rc8 Rxd5 68. Rb8+ Ka7 69. Rc8 Rxb5 70. h4 a4 71. Rc3 Rb2+ 72. Kg1 Rb3 73. Rc4 a3 74. Ra4+ Kb6 75. h5 Kb5 76. Ra8 Kb4 77. Kg2 Rc3 78. h6 Rc7 79. Kg3 Rh7 80. Ra6 Kb3 81. Kg4 a2 82. Kg5 1/2-1/2

[Event "11th Arad Open 2018"]
[Site "Arad"]
[Date "2018.08.07"]
[Round "4"]
[White "Georgescu, Cristian"]
[Black "Toma, Radu-Cristian"]
[Result "0-1"]
[ECO "B40"]
[WhiteElo "2015"]
[BlackElo "2354"]
[Annotator "NA"]
[PlyCount "31"]
[EventDate "2018.08.05"]
[EventType "swiss"]
[EventCountry "ROU"]
[SourceTitle "playchess.com"]
[Source "ChessBase"]
[SourceQuality "1"]
[TimeControl "40/5400+30:1800+30"]

1. e4 c5 2. Nf3 e6 3. c3 Nf6 4. e5 Nd5 5. d4 cxd4 6. Bc4 Nc6 7. Bxd5 exd5 8. O-O d6 9. exd6 Bxd6 10. Re1+ Be6 11. Ng5 Qf6 12. Nxe6 fxe6 13. cxd4 Nxd4 14. Qh5+ g6 15. Qxd5 O-O 16. Qh5 0-1